 Dungeon Crawl Stone Soup version 0.30.0-10-gfe55d96785 (webtiles) character file.

Game seed: 12427043148938921001

3 qeuew the Sneak (level 1, 0/14 HPs)
             Began as an Octopode Brigand on May 15, 2023.
             Slain by a gnoll
             ... wielding a +0 spear
              (6 damage)
             ... on level 1 of the Dungeon.
             The game lasted 00:00:17 (140 turns).

qeuew the Sneak (Octopode Brigand)                   Turns: 140, Time: 00:00:17

Health: 0/14       AC:  1    Str: 10    XL:     1   Next: 50%
Magic:  1/1        EV: 12    Int: 13    God:
Gold:   28         SH:  0    Dex: 13    Spells: 0/0 levels left

rFire   . . .        a - +2 dagger
rCold   . . .        (no shield)
rNeg    . . .        (helmet restricted)
rPois   .            (no amulet)
rElec   .            (no ring)
rCorr   .            (no ring)
SInv    .            (no ring)
Will    .....        (no ring)
Stlth   ++++         (no ring)
HPRegen 0.22/turn    (no ring)
MPRegen 0.07/turn    (no ring)
                     (no ring)

%: no passive effects
@: no status effects
A: almost no armour, amphibious, 8 rings, camouflage 1, gelatinous body 1,
(nimble swimmer 1), tentacles
a: no special abilities


You were on level 1 of the Dungeon.
You visited 1 branch of the dungeon, and saw 1 of its levels.

You collected 28 gold pieces.

Inventory:

Hand Weapons
 a - a +2 dagger (weapon)
Missiles
 b - 9 poisoned darts
 c - 2 curare-tipped darts (quivered)
Scrolls
 d - a scroll of teleportation {unknown}


   Skills:
 + Level 2.0 Fighting
 * Level 2.0 Short Blades
 * Level 2.0 Throwing
 + Level 1.0 Dodging
 * Level 5.3 Stealth


You couldn't memorise any spells.
You didn't know any spells.
Your spell library was empty.

Dungeon Overview and Level Annotations

Branches:
Dungeon (1/15)

Altars:


Innate Abilities, Weirdness & Mutations

You cannot wear most types of armour.
You are amphibious.
You can wear up to eight rings at the same time.
Your skin changes colour to match your surroundings (Stealth+).
Your rubbery body absorbs attacks. (AC +1, EV +1)
((You are camouflaged when in or above water. (Stealth+)))
You have tentacles for arms and can constrict up to eight enemies at once.


Message History

Found a sling.
Found a stone staircase leading down.
No target in view!
d - a scroll labelled BAUCLU NOCVE No target in view!
You now have 17 gold pieces (gained 10).
There is a stone staircase leading down here.
A giant cockroach comes into view.
A giant cockroach is nearby!
A giant cockroach is nearby!
Found 15 gold pieces.
A giant cockroach is nearby!
Found a bubbling sapphire potion.
The giant cockroach misses you.
A giant cockroach is nearby!
You hit the giant cockroach.
You kill the giant cockroach!
You now have 28 gold pieces (gained 11).
A gnoll comes into view. It is wielding a +0 spear.
The gnoll shouts!
A gnoll is nearby!
A gnoll is nearby!
The gnoll hits you with a +0 spear.
A gnoll is nearby!
You hit the gnoll. Your grab misses the gnoll.
The gnoll is lightly wounded.
The gnoll barely misses you.
A gnoll is nearby!
You barely miss the gnoll. You grab the gnoll.
The gnoll is lightly wounded.
You constrict the gnoll. The gnoll hits you with a +0 spear.
Unknown command.
Throw: 3 darts (curare)
Press: ? - help, Q - select action, (/) - cycle Shift-Dir - straight line, f - gnoll
Aim: a gnoll, wielding a +0 spear (lightly wounded, constricted by you, 93% to hit)
You throw a curare-tipped dart. The curare-tipped dart hits the gnoll.
The gnoll is poisoned.
The gnoll convulses.
The gnoll seems to slow down.
The gnoll is severely wounded.
You constrict the gnoll. The gnoll hits you with a +0 spear.
You die...

##......# #.....#
.##########.#.#####
...♣##.............
....♣#.###....######
...♣♣# #............
...♣.#....†#..#####
.....###.#.#..#######.#
♣♣...♣ #.#.#...!......#
♣...♣ #.#......@####
♣..♣# #.#.......g......
♣...# #.#....$...######
♣♣..♣# ..#........#
♣...♣ #....####.# ...♣#
....## .# .(♣♣ ..#. .#
♣## ..# .# #


You could see a gnoll (very poisoned, slow).

Vanquished Creatures
  2 giant cockroaches (D:1)
  A kobold (D:1)
3 creatures vanquished.

Notes
Turn   | Place    | Note
-------+----------+-------------------------------------------
     0 | D:1      | qeuew the Octopode Brigand began the quest for the Orb.
     0 | D:1      | Reached XP level 1. HP: 14/14 MP: 1/1
   140 | D:1      | Slain by a gnoll

Illustrated notes

Levels and vault maps discovered:
D:1:      sevenhm_arrival_forest_fort_large_3, layout_basic,
          dreamdust_ecumenical_altar_statues

Action                     || total
---------------------------++-------
  Melee: Dagger            ||     5
         Constrict         ||     2
         Tentacles         ||     1
  Throw: Dart              ||     1
   Stab: Sleeping          ||     1
  Dodge: Dodged            ||     2
